 Dungeon Crawl Stone Soup version 0.29.1-14-g9c671dbff4 (webtiles) character file.

Game seed: 5213329820062428214

3 Thatpatchoflichen the Chiller (level 1, 0/16 HPs)
             Began as an Ogre Ice Elementalist on Feb 13, 2023.
             Succumbed to an adder's poison
             ... on level 3 of the Dungeon.
             The game lasted 00:00:30 (107 turns).

Thatpatchoflichen the Chiller (OgIE)                 Turns: 107, Time: 00:00:30

Health: 0/16       AC:  3    Str: 11    XL:     1   Next: 50%
Magic:  4/4        EV:  9    Int: 16    God:
Gold:   25         SH:  0    Dex:  9    Spells: 4/5 levels left

rFire   . . .      SeeInvis .   (no weapon)
rCold   . . .      Faith    .   (no shield)
rNeg    . . .      Spirit   .   a - +0 robe
rPois   .          Reflect  .   (helmet restricted)
rElec   .          Harm     .   (no cloak)
rCorr   .          Rampage  .   (gloves unavailable)
Will    .....                   (boots unavailable)
Stlth   +.........              (no amulet)
HPRegen 0.05/turn               (no ring)
MPRegen 0.09/turn               (no ring)

@: lethally poisoned (0 -> -2)
A: large, unfitting armour, tough skin 1
a: no special abilities


You were on level 3 of the Dungeon.
You visited 1 branch of the dungeon, and saw 3 of its levels.

You collected 25 gold pieces.

Inventory:

Armour
 a - a +0 robe (worn)
Potions
 b - a potion of magic


   Skills:
 + Level 1.8 Dodging
 + Level 1.4 Stealth
 + Level 2.5 Spellcasting
 + Level 3.6 Ice Magic


You had 4 spell levels left.
You knew the following spells:

 Your Spells              Type           Power      Damage    Failure   Level
a - Freeze                Ice            52%        1d7       4%          1

Your spell library contained the following spells:

 Spells                   Type           Power      Damage    Failure   Level
 Frozen Ramparts          Ice            26%        1d4       13%         3
 Ozocubu's Armour         Ice            13%        N/A       13%         3
 Hailstorm                Conj/Ice       7%         3d4       67%         4


Dungeon Overview and Level Annotations

Branches:
Dungeon (3/15)

Altars:


Innate Abilities, Weirdness & Mutations

You are too large for most types of armour.
You have tough skin. (AC +1)


Message History

The quokka is almost dead.
The quokka barely misses you.
You barely miss the quokka.
The quokka is almost dead.
The quokka barely misses you.
You closely miss the quokka.
The quokka is almost dead.
The quokka completely misses you.
You closely miss the quokka.
The quokka is almost dead.
The quokka closely misses you. The quokka barely misses you.
You hit the quokka.
You kill the quokka!
An adder comes into view.
The adder hisses angrily.
The adder barely misses you.
You hit the adder.
The adder is lightly wounded.
The adder bites you.
You are lethally poisoned!
The adder poisons you!
You hit the adder but do no damage.
The adder is lightly wounded.
* * * LOW HITPOINT WARNING * * *
You feel sick. The adder completely misses you.
You miss the adder.
The adder is lightly wounded.
* * * LOW HITPOINT WARNING * * *
You feel sick. The adder bites you but does no damage.
You hit the adder.
The adder is heavily wounded.
* * * LOW HITPOINT WARNING * * *
You feel sick. The adder barely misses you. The adder closely misses you.
You hit the adder but do no damage.
The adder is heavily wounded.
* * * LOW HITPOINT WARNING * * *
You feel sick. The adder bites you but does no damage.
You closely miss the adder.
The adder is heavily wounded.
You die...

##...####.# ##
##.....##..####.#
#...............#
##........#######
##...##### ##.##
#.# #.# #@# #S#
#.# #.. ..# #.#
#.# #.#


You could see an adder.

Vanquished Creatures
  An endoplasm (D:2)
  A quokka (D:3)
  A ball python (D:2)
3 creatures vanquished.

Notes
Turn   | Place    | Note
-------+----------+-------------------------------------------
     0 | D:1      | Thatpatchoflichen the Ogre Ice Elementalist began the quest
                  | for the Orb.
     0 | D:1      | Reached XP level 1. HP: 16/16 MP: 3/3
   107 | D:3      | Succumbed to an adder's poison

Illustrated notes

Levels and vault maps discovered:
D:1:      dpeg_arrival_pond, layout_rooms, serial_forest,
          infiniplex_forest_clump_small, infiniplex_forest_lined_3,
          infiniplex_forest_clump_medium, infiniplex_forest_clump_small,
          infiniplex_forest_lined_2, infiniplex_forest_end_double,
          infiniplex_forest_clump_tiny, infiniplex_forest_end_double
D:2:      layout_basic, uniq_terence
D:3:      layout_loops_ring, mainiacjoe_overflow_surrounded_room,
          mainiacjoe_overflow_alcove_2, hellmonk_ghost_happy_afterlife,
          chequers_serial_rivers_micro_c, hangedman_decor_diamond_cutter

Action                   || total
-------------------------++-------
Melee: Unarmed           ||    31
 Stab: Sleeping          ||     1
Armor: Robe              ||    10
Dodge: Dodged            ||    25
